 Dungeon Crawl Stone Soup version 0.19-a0-1185-gacb3972 (webtiles) character file.

9 Duffy the Ruffian (level 2, -5/19 HPs)
             Began as a Formicid Wanderer on Aug 18, 2016.
             Slain by Ijustatesigmund's ghost (7 damage)
             ... on level 3 of the Dungeon.
             The game lasted 00:00:29 (232 turns).

Duffy the Ruffian (Formicid Wanderer)                Turns: 232, Time: 00:00:30

Health: -5/19      AC:  2    Str: 15    XL:     2   Next: 25%
Magic:  3/3        EV: 10    Int: 10    God:
Gold:   0          SH:  3    Dex: 12    Spells: 0 memorised, 3 levels left

rFire  . . .     SeeInvis +       - Unarmed
rCold  . . .     Gourm    .     d - +0 robe
rNeg   . . .     Faith    .     c - +0 buckler
rPois  .         Spirit   .     (helmet unavailable)
rElec  .         Dismiss  .     (no cloak)
rCorr  .         Reflect  .     (no gloves)
MR     .....     Harm     .     (no boots)
Stlth  ++........               (no amulet)
                                (no ring)
                                (no ring)

@: no status effects
A: permanent stasis, dig shafts and tunnels, four strong arms, antennae 3
a: Dig, Shaft Self


You were on level 3 of the Dungeon.
You were not hungry.

You visited 1 branch of the dungeon, and saw 3 of its levels.

Inventory:

Hand Weapons
 e - a +0 club
 f - a +0 dagger
Armour
 c - a +0 buckler (worn)
 d - a +0 robe (worn)
Potions
 h - 2 potions of heal wounds {unknown}
Books
 b - the Handbook of Conjuration

   Spells                             Type                      Level
   a - Throw Flame                    Conjuration/Fire             2
   b - Searing Ray                    Conjuration                  2
Miscellaneous
 a - a phial of floods
Comestibles
 g - a bread ration


   Skills:
 - Level 2.4 Stealth
 - Level 1.2 Shields
 + Level 3.1 Unarmed Combat
 - Level 1.1 Spellcasting
   Level 2.6 Poison Magic
 + Level 2.1 Evocations


You had 3 spell levels left.
You didn't know any spells.

Dungeon Overview and Level Annotations

Branches:
Dungeon (3/15)

Altars:

Annotations:
D:3 Ijustatesigmund's ghost, amateur OpAs


Innate Abilities, Weirdness & Mutations

You are under a permanent stasis effect.
You can dig through walls and to a lower floor.
Your four strong arms can wield two-handed weapons with a shield.
You have a pair of large antennae on your head. (SInv)


Message History

You are too injured to fight recklessly!
You are too injured to fight recklessly!
You are too injured to fight recklessly!
You are too injured to fight recklessly!
You are too injured to fight recklessly!
You are too injured to fight recklessly!
You are too injured to fight recklessly!
You are too injured to fight recklessly!
You closely miss Ijustatesigmund's ghost.
Ijustatesigmund's ghost is moderately damaged.
Ijustatesigmund's ghost hits you.
You miss Ijustatesigmund's ghost.
Ijustatesigmund's ghost is moderately damaged.
Ijustatesigmund's ghost hits you.
You barely miss Ijustatesigmund's ghost.
Ijustatesigmund's ghost is moderately damaged.
The orc closely misses you.
Ijustatesigmund's ghost makes a sound of rattling chains.
Ijustatesigmund's ghost hits you!
You die...

#######
##.....##
##.......##
#W........#
#.@.......#
#.o.<.....#
#....(....#
#)........#
##(.$....##
#.........#
...........#
............#
#......?.....#


You could see Ijustatesigmund's ghost and an orc.

Vanquished Creatures
  A worm (D:2)
  2 hobgoblins (D:2)
  A giant newt (D:3)
  2 goblins (D:2)
  A kobold (D:2)
7 creatures vanquished.

Notes
Turn   | Place    | Note
-------+----------+-------------------------------------------
     0 | D:1      | Duffy the Formicid Wanderer began the quest for the Orb.
     0 | D:1      | Duffy set off with: a phial of floods, the Handbook of Conjuration, a +0 buckler, a +0 robe, a +0 club, a +0 dagger, a bread ration
     0 | D:1      | Reached XP level 1. HP: 13/13 MP: 2/2
     0 | D:1      | Identified the Handbook of Conjuration
    62 | D:2      | Reached XP level 2. HP: 19/19 MP: 3/3
   222 | D:3      | Noticed Ijustatesigmund's ghost (amateur OpAs)
   232 | D:3      | Slain by Ijustatesigmund's ghost

Vault maps used:
D:1:      tarquinn_simple_flora_water_f, serial_park_tiny_pond,
          minmay_tiny_reverse_x
D:2:      grunt_decor_cap, uniq_terence
D:3:      nemelex_xobeh_ov_fountains_minmay, first_bread, uniq_natasha

Skill      XL: |  1 |
---------------+----+-----
Evocations     | 2 |  2.1
Stealth        | |  2.4
Shields        | |  1.2
Unarmed Combat | |  3.1
Spellcasting   | |  1.1
Poison Magic   | |  2.6

Action                   || total
-------------------------++-------
Melee: Unarmed           ||    42
 Stab: Sleeping          ||     3
Dodge: Dodged            ||    13
Block: Buckler           ||     5
